 Dungeon Crawl Stone Soup version 0.28.0-53-g5a82cb258f (webtiles) character file.

Game seed: 321734733775038613

176 nickcage the Magician (level 5, -20/28 HPs)
             Began as a Deep Elf Fire Elementalist on May 24, 2022.
             Demolished by an orc warrior
             ... wielding a +0 broad axe
              (22 damage)
             ... on level 4 of the Dungeon.
             The game lasted 00:07:49 (3451 turns).

nickcage the Magician (Deep Elf Fire Elementalist)  Turns: 3451, Time: 00:07:50

Health: -20/28     AC:  2    Str:  5    XL:     5   Next: 30%
Magic:  10/15      EV: 12    Int: 22    God:
Gold:   105        SH:  0    Dex: 15    Spells: 4/15 levels left

rFire   . . .      SeeInvis .   i - +1 dagger (speed)
rCold   . . .      Faith    .   (no shield)
rNeg    . . .      Spirit   .   a - +0 robe
rPois   .          Reflect  .   (no helmet)
rElec   .          Harm     .   (no cloak)
rCorr   .          Rampage  .   (no gloves)
Will    .....                   (no boots)
Stlth   ++........              (no amulet)
HPRegen 0.09/turn               (no ring)
MPRegen 0.14/turn               (no ring)

@: no status effects
A: no striking features
a: no special abilities


You were on level 4 of the Dungeon.
You visited 1 branch of the dungeon, and saw 6 of its levels.

You collected 105 gold pieces.

Inventory:

Hand Weapons
 c - a +0 short sword
 f - a +0 hand axe of freezing
 i - a +1 dagger of speed (weapon)
Armour
 a - a +0 robe (worn)
Scrolls
 b - 2 scrolls of enchant armour {unknown}
 e - a scroll of teleportation {unknown}
Potions
 d - a potion of might {unknown}
 g - a potion of heal wounds {unknown}
 h - a potion of invisibility {unknown}
 j - a potion of curing {unknown}


   Skills:
 - Level 2.4 Dodging
 - Level 2.4 Stealth
 - Level 5.5 Spellcasting
 * Level 1.1 Conjurations
 + Level 5.3 Fire Magic


You had 4 spell levels left.
You knew the following spells:

 Your Spells              Type           Power      Damage    Failure   Level
a - Foxfire               Conj/Fire      80%        2x1d8     2%          1
b - Scorch                Fire           58%        2d7       1%          2
c - Conjure Flame         Conj/Fire      20%        6-21      8%          3
d - Flame Wave            Conj/Fire      20%        2d7       26%         4
e - Slow                  Hex            24%        N/A       10%         1

Your spell library contained the following spells:

 Spells                   Type           Power      Damage    Failure   Level
 Inner Flame              Hex/Fire       18%        N/A       10%         3
 Confusing Touch          Hex            6%         N/A       28%         3
 Vampiric Draining        Necr           6%         2d6       28%         3


Dungeon Overview and Level Annotations

Branches:
Dungeon (6/15)
 Temple: D:4-7

Altars:
Ashenzari
Uskayaw


Message History

Things that are here:
a +0 short sword; a +0 chain mail
Found two robes. 2 orcs come into view.
An orc comes into view. It is wielding a +0 flail.
The orc shouts!
You hear a shout!
An orc warrior comes into view. It is wielding a +0 broad axe.
An orc wizard comes into view. It is wielding a +0 dagger.
You see here an amulet of faith.
A howler monkey skeleton comes into view.
Found a green potion.
You see here a green potion.
j - a green potion Flames lash the orc warrior but do no damage.
You hear a shout! x2
Flames lash the orc warrior.
The orc warrior is moderately wounded.
The orc warrior's fire resistance burns away.
The orc wizard shouts!
The orc wizard gestures at you while chanting.
The puff of flame hits you!
Flames lash the orc warrior.
The orc warrior is moderately wounded.
The orc wizard points at you and mumbles some strange words.
You resist with some effort. The orc warrior barely misses you.
Flames lash the orc warrior but do no damage.
The orc warrior hits you with a +0 broad axe!
An orc comes into view. It is wielding a +0 whip.
You are too injured to fight recklessly!
The howler monkey skeleton hits you.
The orc wizard casts a spell.
The orc wizard flickers and vanishes!
Deactivating autopickup; reactivate with Ctrl-A.
The orc warrior is no longer more vulnerable to fire.
The orc warrior hits you with a +0 broad axe!
* * * LOW HITPOINT WARNING * * *
The orc throws a boomerang.
The boomerang barely misses you.
The orc warrior hits you with a +0 broad axe!!
Ouch! That really hurt!
You die...

######### .. ..
###.##....#########.....
............##...#.....
#.................##....
#...................#...
#.....................###
#.......................##
#...........Z..o@##......##
##...........o....###.>...#
#......o..........#####.##
#....o.............###..#
##..o..........)###..##..#
.#..............# ##.....#
..o............## ##....#
..........#....# ##...#
..........##..## #....#


You could see an orc warrior, an orc and a howler monkey skeleton.

Vanquished Creatures
  An orc priest (D:3)
  2 orc wizards (D:4)
  A gnoll (D:3)
  An adder (D:3)
  An ufetubus (D:6)
  2 worms
  4 orcs
  5 bats
  8 endoplasms
  A giant cockroach (D:1)
  7 goblins
  9 hobgoblins
  6 kobolds
  2 quokkas
  5 ball pythons
  A frilled lizard (D:2)
  4 rats
60 creatures vanquished.

Vanquished Creatures (others)
  19 foxfires (D:1)
19 creatures vanquished.

Grand Total: 79 creatures vanquished

Notes
Turn   | Place    | Note
-------+----------+-------------------------------------------
     0 | D:1      | nickcage the Deep Elf Fire Elementalist began the quest for
                  | the Orb.
     0 | D:1      | Reached XP level 1. HP: 10/10 MP: 6/6
   352 | D:1      | Reached XP level 2. HP: 8/15 MP: 5/8
   524 | D:1      | Learned a level 2 spell: Scorch
  1063 | D:1      | Found a faded altar of an unknown god.
  1451 | D:2      | Reached XP level 3. HP: 19/19 MP: 7/10
  2131 | D:2      | Learned a level 3 spell: Conjure Flame
  2582 | D:3      | Reached XP level 4. HP: 24/24 MP: 0/12
  2746 | D:3      | You fall into a shaft and drop 3 floors!
  2746 | D:6      | Found a hide-covered altar of Uskayaw.
  2756 | D:6      | Reached skill level 5 in Spellcasting
  2756 | D:6      | Reached skill level 5 in Fire Magic
  2761 | D:6      | Found a broken altar of Ashenzari.
  2773 | D:5      | Entered Level 5 of the Dungeon
  3071 | D:4      | Reached XP level 5. HP: 28/28 MP: 9/14
  3085 | D:4      | Learned a level 4 spell: Flame Wave
  3087 | D:4      | Learned a level 1 spell: Slow
  3403 | D:4      | Noticed an orc warrior
  3435 | D:4      | HP: 1/28 [orc warrior/+0 broad axe (10)]
  3451 | D:4      | Demolished by an orc warrior

Illustrated notes

Levels and vault maps discovered:
D:1:      lightli_arrival_noodles, layout_loops_corners,
          chequers_ecumenical_altar_simple_redux
D:2:      layout_loops_ring
D:3:      layout_loops_ring
D:4:      layout_cave_pods, mainiacjoe_overflow_cross_hatched, serial_shops,
          kennysheep_little_box
D:5:      layout_loops_ring, mainiacjoe_overflow_catwalk,
          nzn_hepliaklqana_mist_gate, mainiacjoe_overflow_alcove_2,
          nicolae_sif_muna_little_library, skrybe_limestone_x, st_stairs_13
D:6:      layout_loops_cross, trog_ov_bears_minmay,
          lemuel_mausoleum_altar_kikubaaqudgha, jmf_multi_god_temple,
          ashenzari_conservatory_becter, lightli_corner_chamber

Skill      XL: |  1  2  3  4 |
---------------+-------------+-----
Fire Magic     | 4 5 |  5.3
Spellcasting   | 4 5 |  5.5
Dodging        | |  2.4
Stealth        | |  2.4
Conjurations   | |  1.1

Action                   |  1- 3 |  4- 6 || total
-------------------------+-------+-------++-------
Melee: Short sword       |     3 |       ||     3
       Unarmed           |     2 |       ||     2
       Hand axe          |     4 |     7 ||    11
 Cast: Foxfire           |    11 |       ||    11
       Scorch            |    46 |    24 ||    70
 Stab: Sleeping          |     1 |       ||     1
Armor: Robe              |     2 |       ||     2
Dodge: Dodged            |    18 |    10 ||    28
